 Dungeon Crawl Stone Soup version 0.31-a0-672-g7da72447bb (webtiles) character file.

Game seed: 7924955905040098923

21631 pokeman the Eclecticist (level 12, -1/68 HPs)
             Began as a Deep Elf Hedge Wizard on Sept 4, 2023.
             Was a Follower of Vehumet.
             Shot with an arrow by a centaur warrior (10 damage)
             ... on level 13 of the Dungeon.
             The game lasted 00:38:23 (15296 turns).

pokeman the Eclecticist (Deep Elf Hedge Wizard)    Turns: 15296, Time: 00:38:23

Health: -1/68      AC:  9    Str:  7    XL:     12   Next: 55%
Magic:  32/35      EV: 13    Int: 31    God:    Vehumet [*.....]
Gold:   701        SH:  0    Dex: 14    Spells: 19/46 levels left

rFire   + . .        R - +6 shillelagh "Devastator" {shatter}
rCold   . . .        (no shield)
rNeg    + . .        c - +2 robe {rF+}
rPois   .            I - +0 helmet
rElec   .            x - +1 cloak
rCorr   +            g - +0 pair of gloves
SInv    .            (no boots)
Will    ++++.        O - amulet of the Four Winds {rN+ Will+++ Clar}
Stlth   ++           q - +6 ring of intelligence
HPRegen 0.31/turn    D - ring of resist corrosion
MPRegen 0.24/turn

%: clarity
@: no status effects
A: no striking features
a: Renounce Religion


You were on level 13 of the Dungeon.
You worshipped Vehumet.
Vehumet was aware of your devotion.
You visited 2 branches of the dungeon, and saw 14 of its levels.

You collected 823 gold pieces.
You spent 122 gold pieces at shops.

Inventory:

Hand Weapons
 w - a +3 quarterstaff of chaos
 C - a +2 dagger of venom
 R - the +6 shillelagh "Devastator" (weapon) {shatter}
   (You found it on level 11 of the Dungeon)
 T - the +6 falchion "Usao" {spect, *Corrode rC+ Int+6 Dex+3}
   (You found it on level 13 of the Dungeon)

   Int+6:     It affects your intelligence (+6).
   Dex+3:     It affects your dexterity (+3).
   rC+:       It protects you from cold.
   *Corrode:  It may corrode you when you take damage.
Missiles
 b - 2 throwing nets
 K - a curare-tipped dart
Armour
 c - a +2 robe of fire resistance (worn)
 g - a +0 pair of gloves (worn)
 x - a +1 cloak (worn)
 I - a +0 helmet (worn)
 P - +0 acid dragon scales
Jewellery
 q - a +6 ring of intelligence (left hand)
 D - a ring of resist corrosion (right hand)
 H - an amulet of the acrobat
 O - the amulet of the Four Winds (around neck) {rN+ Will+++ Clar}
   (You took it off an orc on level 10 of the Dungeon)

   [amulet of nothing]

   rN+:       It protects you from negative energy.
   Will+++:   It greatly increases your willpower.
   Clar:      It protects you from confusion, rage, mesmerisation and fear.
Wands
 v - a wand of digging (6)
 L - a wand of quicksilver (2)
 M - a wand of charming (13)
 Q - a wand of roots (7)
Scrolls
 e - 4 scrolls of fog {unknown}
 f - 2 scrolls of revelation {unknown}
 h - a scroll of silence {unknown}
 i - 4 scrolls of blinking {unknown}
 j - 7 scrolls of vulnerability {unknown}
 k - 17 scrolls of identify {unknown}
 l - 3 scrolls of noise {unknown}
 n - a scroll of immolation {unknown}
 s - 3 scrolls of fear {unknown}
 t - 3 scrolls of brand weapon {unknown}
 y - 6 scrolls of teleportation {unknown}
 E - 3 scrolls of poison {unknown}
 F - a scroll of amnesia {unknown}
 N - 3 scrolls of enchant weapon {unknown}
Potions
 a - 4 potions of mutation {unknown}
 d - 3 potions of magic
 m - 3 potions of brilliance {unknown}
 o - 2 potions of lignification {unknown}
 p - 2 potions of attraction {unknown}
 r - 2 potions of enlightenment {unknown}
 u - 3 potions of degeneration {unknown}
 z - 6 potions of curing {unknown}
 A - 2 potions of berserk rage {unknown}
 B - 2 potions of invisibility {unknown}
 G - 2 potions of haste {unknown}
 J - a potion of ambrosia {unknown}
 S - a potion of cancellation {unknown}


   Skills:
 + Level 5.1 Fighting
 - Level 6.0 Armour
 - Level 3.0 Dodging
 - Level 3.0 Stealth
 - Level 1.0 Shields
 * Level 17.5 Spellcasting
 + Level 10.5 Conjurations
 - Level 1.1 Summonings
 - Level 1.1 Translocations
 - Level 1.3 Transmutations
 + Level 9.3 Fire Magic
 - Level 1.1 Air Magic
 - Level 1.0 Poison Magic
 - Level 1.1 Evocations


You had 19 spell levels left.
You knew the following spells:

 Your Spells              Type           Power      Damage    Failure   Level
a - Magic Dart            Conj           100%       1d8       1%          1
b - Mephitic Cloud        Conj/Pois/Air  52%        N/A       1%          3
c - Call Imp              Summ           68%        N/A       1%          2
d - Blink                 Tloc           68%        N/A       1%          2
e - Starburst             Conj/Fire      36%        6d11      3%          6
f - Irradiate             Conj/Tmut      29%        3d21      3%          5
g - Ignition              Fire           35%        3d11      91%         8

Your spell library contained the following spells:

 Spells                   Type           Power      Damage    Failure   Level
 Apportation              Tloc           68%        N/A       1%          1
 Kiss of Death            Conj/Necr      100%       2d13      1%          1
 Necrotise                Necr           100%       1d9       1%          1
 Slow                     Hex            100%       N/A       1%          1
 Summon Small Mammal      Summ           100%       N/A       1%          1
 Cigotuvi's Dreadful Rot  Necr/Pois/Air  62%        N/A       1%          2
 Passwall                 Tmut/Erth      25%        N/A       1%          2
 Searing Ray              Conj           100%       2d8       1%          2
 Static Discharge         Conj/Air       100%       2-7/arc   1%          2
 Wereblood                Tmut           35%        N/A       1%          2
 Dazzling Flash           Conj/Hex       100%       N/A       1%          3
 Volatile Blastmotes      Fire/Tloc      100%       2d18      1%          3
 Fulminant Prism          Conj/Hex       28%        3d13      1%          4
 Ensorcelled Hibernation  Hex/Ice        54%        N/A       2%          2
 Call Canine Familiar     Summ           34%        N/A       2%          3
 Summon Guardian Golem    Hex/Summ       30%        N/A       3%          3
 Swiftness                Air            34%        N/A       3%          3
 Confusing Touch          Hex            27%        N/A       4%          3
 Airstrike                Air            17%        2d(3-19)  10%         4
 Olgreb's Toxic Radiance  Pois           33%        N/A       10%         4
 Summon Lightning Spire   Summ/Air       34%        N/A       10%         4
 Dispel Undead            Necr           27%        3d13      16%         4
 Discord                  Hex            13%        N/A       100%        8
 Maxwell's Capacitive Co  Air            17%        ∞         100%        8


Dungeon Overview and Level Annotations

Branches:
Dungeon (13/15)            Temple (1/1) D:4            Lair (0/5) D:8
    Orc (0/2) D:10         Vaults (0/5) D:13

Altars:
Ashenzari
Cheibriados
Dithmenos
Elyvilon
Fedhas
Gozag
Hepliaklqana
Kikubaaqudgha
Makhleb
Nemelex Xobeh
Okawaru
Qazlal
Ru
Sif Muna
Trog
Uskayaw
Vehumet
Wu Jian
Xom
Yredelemnul
Zin
The Shining One

Shops:
D:5 [*   D:9 (

Annotations:
D:8 3 runed translucent doors, cforsyth's ghost, novice DjCA
Temple 4 transporters


Message History

Confirm with . or Enter, or press ? or * to list all spells.
Aiming: Mephitic Cloud (safe; 1% risk of failure)
Press: ? - help, Shift-Dir - straight line, f - lava snake
Aim: a lava snake (lava, chance to affect: 86%)
The ball explodes into a vile cloud!
The stinking cloud engulfs the lava snake but does no damage.
You hear a shout! x2
The lava snake is engulfed in noxious fumes.
The lava snake appears confused.
The lava snake flops around on dry land!
Unknown command.
The lava snake dives back into the lava!
Found 5 stones.
The lava snake flops around on dry land!
You hit the lava snake but do no damage.
The lava snake is lightly wounded.
The lava snake dives back into the lava!
The lava snake closely misses you.
You sock the lava snake!
The lava snake shudders.
You kill the lava snake!
Vehumet accepts your kill.
You feel your power returning.
A centaur warrior comes into view.
The centaur warrior wields a +0 shortbow.
The centaur warrior shoots an arrow.
The arrow misses you.
The centaur warrior shoots an arrow.
The arrow hits you!
The centaur warrior shoots an arrow.
The arrow hits you!
The entropy weaver changes into a black bear!
The centaur warrior shoots an arrow.
The arrow barely misses you.
The centaur warrior shoots an arrow.
The arrow hits you!!
The centaur warrior shoots an arrow.
The arrow hits you!!
* * * LOW HITPOINT WARNING * * *
Casting: Mephitic Cloud (safe; 1% risk of failure)
Confirm with . or Enter, or press ? or * to list all spells.
Aiming: Mephitic Cloud (safe; 1% risk of failure)
Press: ? - help, Shift-Dir - straight line The ball explodes into a vile cloud!
The stinking cloud engulfs the centaur warrior but does no damage.
The centaur warrior shoots an arrow.
The arrow hits you!
You die...

.............#..............##
............###..............##
.............#................##
...[.###.......................##
....○# #........................#
....E###.........................
...§§............................
..§..............................
§≈§§§...........@................
≈§§°....§.....................##.
≈≈≈°...§§......)......#......##..
§≈≈°...≈≈≈≈≈...###§☼☼###....##...
≈≈≈≈...≈§≈≈≈...# #☼§..#.....#....
...○...≈≈≈§≈.§.###c§§.......##...
..○....§≈≈≈≈.................##.#
...§≈≈≈≈..................###
......§§.....................


You could see a centaur warrior.

Vanquished Creatures
  An entropy weaver (D:13)
  A vault guard (D:13)
  A hydra (D:13)
  A satyr (shapeshifter) (D:10)
  3 two-headed ogres
  3 death yaks (D:8)
  5 skeletal warriors (D:12)
  2 ugly things
  2 manticores (D:12)
  A cyclops (D:12)
  A gargoyle (D:11)
  A komodo dragon (D:11)
  6 trolls
  A hornet (D:8)
  4 shadows
  19 yaks
  Sigmund (D:2)
  2 wraiths
  A fire elemental (D:13)
  4 vampire mosquitoes (D:12)
  A steam dragon (D:6)
  2 acid dragons
  Duvessa (D:7)
  A water moccasin (D:4)
  2 orc warriors
  A sky beast (D:8)
  An ice beast (D:6)
  A black bear (D:5)
  An ogre (D:5)
  7 centaurs
  2 kobold brigands
  2 bullfrogs
  2 gnoll sergeants
  4 scorpions (D:4)
  Dowan (D:7)
  7 killer bees
  4 howler monkeys
  A lava snake (D:13)
  A crimson imp (D:8)
  3 hounds
  9 orc priests
  6 jellies
  Crazy Yiuf (D:2)
  2 sleepcaps
  Jessica (D:3)
  2 iguanas
  2 hell rats (D:7)
  9 orc wizards
  8 adders
  18 gnolls
  3 river rats (D:8)
  2 shadow imps
  2 white imps
  2 ufetubi
  3 dart slugs
  47 orcs
  9 ball pythons
  8 endoplasms
  4 giant cockroaches
  8 goblins
  9 hobgoblins
  9 jackals
  5 quokkas
  5 bats
  2 frilled lizards
  14 kobolds
  10 rats
  A spectral goblin (D:6)
306 creatures vanquished.

Vanquished Creatures (collateral kills)
  A two-headed ogre (D:10)
  A killer bee (D:7)
2 creatures vanquished.

Grand Total: 308 creatures vanquished

Notes
Turn   | Place    | Note
-------+----------+-------------------------------------------
     0 | D:1      | pokeman the Deep Elf Hedge Wizard began the quest for the
                  | Orb.
     0 | D:1      | Reached XP level 1. HP: 10/10 MP: 7/7
   106 | D:1      | Reached XP level 2. HP: 4/15 MP: 0/9
   690 | D:1      | Reached skill level 5 in Spellcasting
  1040 | D:1      | Reached XP level 3. HP: 20/20 MP: 9/11
  1044 | D:1      | Learned a level 3 spell: Mephitic Cloud
  1047 | D:1      | Learned a level 2 spell: Call Imp
  1050 | D:1      | Learned a level 2 spell: Blink
  1436 | D:2      | Found a faded altar of an unknown god.
  1437 | D:2      | Noticed Sigmund
  1483 | D:2      | Reached skill level 1 in Fighting
  1483 | D:2      | Reached skill level 1 in Armour
  1660 | D:2      | Killed Sigmund
  1661 | D:2      | Reached skill level 6 in Spellcasting
  1661 | D:2      | Reached XP level 4. HP: 26/26 MP: 7/14
  1661 | D:2      | Reached XP level 5. HP: 30/30 MP: 7/15
  2026 | D:2      | Found a runed translucent door.
  2027 | D:2      | Noticed Crazy Yiuf
  2047 | D:2      | Killed Crazy Yiuf
  2318 | D:3      | Reached XP level 6. HP: 35/35 MP: 10/17
  2616 | D:3      | Noticed Jessica
  2624 | D:3      | Killed Jessica
  2625 | D:3      | Reached skill level 7 in Spellcasting
  3160 | D:3      | Found a shimmering blue altar of Sif Muna.
  3283 | D:4      | Found a staircase to the Ecumenical Temple.
  3295 | Temple   | Found a transporter.
  3295 | Temple   | Found a transporter.
  3295 | Temple   | Found a transporter.
  3295 | Temple   | Found a transporter.
  3295 | Temple   | Entered the Ecumenical Temple
  3567 | D:4      | Learned a level 5 spell: Irradiate
  3607 | D:4      | Reached skill level 1 in Air Magic
  3607 | D:4      | Reached skill level 1 in Poison Magic
  3607 | D:4      | Reached skill level 1 in Evocations
  3672 | D:4      | Reached XP level 7. HP: 39/39 MP: 16/20
  3901 | D:4      | Reached skill level 8 in Spellcasting
  3901 | D:4      | Reached skill level 1 in Transmutations
  4427 | D:5      | Entered Level 5 of the Dungeon
  4434 | D:5      | Found Ufairrai's Armour Shop.
  4903 | D:5      | Reached XP level 8. HP: 41/44 MP: 16/22
  5004 | D:5      | Found an opulent altar of Gozag.
  5014 | D:5      | Learned a level 8 spell: Ignition
  5053 | D:5      | Reached skill level 9 in Spellcasting
  5139 | D:5      | Reached skill level 1 in Fire Magic
  5285 | D:5      | Found Kutseohi's Assorted Antiques.
  5300 | D:5      | Reached skill level 5 in Conjurations
  5355 | D:5      | Bought a scroll labelled ALEW LINWECS for 25 gold pieces
  5355 | D:5      | Bought a scroll labelled DUDYAQE GE GOMM for 25 gold pieces
  5355 | D:5      | Bought a scroll labelled WAGAAT KOI for 25 gold pieces
  5355 | D:5      | Bought a scroll labelled GACHUI LANGUZO for 25 gold pieces
  5355 | D:5      | Bought a gluggy clear potion for 22 gold pieces
  5563 | D:6      | Found a hazy altar of Hepliaklqana.
  5638 | D:6      | Found a glowing golden altar of the Shining One.
  5802 | D:6      | Reached skill level 10 in Spellcasting
  6521 | D:7      | Reached XP level 9. HP: 49/49 MP: 13/25
  6895 | D:7      | Found a sparkling altar of Nemelex Xobeh.
  7088 | D:7      | Noticed Dowan
  7089 | D:7      | Noticed Duvessa
  7110 | D:7      | Killed Dowan
  7110 | D:7      | Killed Duvessa
  7111 | D:7      | Reached skill level 11 in Spellcasting
  7277 | D:7      | Noticed a troll
  7285 | D:7      | Killed a troll
  7768 | D:8      | Found a runed translucent gate.
  7768 | D:8      | Found a runed translucent gate.
  7768 | D:8      | Found a runed translucent gate.
  7770 | D:8      | Found an opulent altar of Gozag.
  7770 | D:8      | Noticed a boulder beetle
  7772 | D:8      | Noticed a tengu conjurer
  7774 | D:8      | Noticed cforsyth's ghost (novice DjCA)
  7941 | D:8      | Noticed a death yak
  7942 | D:8      | Noticed a death yak
  7942 | D:8      | Found a staircase to the Lair.
  7942 | D:8      | Noticed a death yak
  8033 | D:8      | Reached skill level 1 in Shields
  8055 | D:8      | Reached skill level 12 in Spellcasting
  8355 | D:8      | Killed a death yak
  8356 | D:8      | Reached skill level 5 in Fire Magic
  8491 | D:8      | Reached XP level 10. HP: 43/57 MP: 23/28
  8700 | D:8      | Killed a death yak
  8743 | D:8      | Killed a death yak
  8744 | D:8      | Reached skill level 13 in Spellcasting
  8927 | D:8      | Found a bloodstained altar of Trog.
  9173 | D:8      | Found an ancient bone altar of Kikubaaqudgha.
  9176 | D:8      | Found an ornate altar of the Wu Jian Council.
  9180 | D:8      | Found a shimmering altar of Xom.
  9236 | D:8      | Found a burning altar of Makhleb.
  9649 | D:9      | Learned a level 6 spell: Starburst
  9743 | D:9      | Reached skill level 14 in Spellcasting
  9987 | D:9      | Found a sacrificial altar of Ru.
 10047 | D:9      | Found Yneitoec's Antique Weapon Shop.
 10296 | D:10     | Entered Level 10 of the Dungeon
 10413 | D:10     | Reached XP level 11. HP: 53/61 MP: 15/31
 10554 | D:10     | Found a basalt altar of Yredelemnul.
 10559 | D:10     | Noticed an alligator
 10564 | D:10     | an alligator changed into a satyr
 10564 | D:10     | Noticed a satyr (shapeshifter)
 10570 | D:10     | Killed a satyr
 10576 | D:10     | Noticed a two-headed ogre
 10596 | D:10     | Killed a two-headed ogre
 10597 | D:10     | Reached skill level 15 in Spellcasting
 10716 | D:10     | Reached skill level 5 in Armour
 11001 | D:10     | Found a radiant altar of Vehumet.
 11009 | D:10     | Became a worshipper of Vehumet
 11372 | D:10     | Found a staircase to the Orcish Mines.
 11955 | D:11     | Noticed a two-headed ogre
 12129 | D:11     | Killed a two-headed ogre
 12753 | D:11     | You fall into a shaft and drop 2 floors!
 12764 | D:13     | Noticed an entropy weaver
 12809 | D:13     | Noticed a two-headed ogre
 12812 | D:13     | Noticed an eight-headed hydra
 13069 | D:11     | Found the +6 shillelagh "Devastator" {shatter}
 13327 | D:12     | Noticed a skeletal warrior
 13329 | D:12     | Noticed a skeletal warrior
 13329 | D:12     | Noticed a skeletal warrior
 13340 | D:12     | Killed a skeletal warrior
 13341 | D:12     | Reached skill level 16 in Spellcasting
 13345 | D:12     | Killed a skeletal warrior
 13345 | D:12     | Reached * piety under Vehumet
 13345 | D:12     | Offered knowledge of Kiss of Death by Vehumet.
 13351 | D:12     | Noticed a cyan ugly thing
 13491 | D:12     | Killed a skeletal warrior
 13583 | D:12     | Noticed a skeletal warrior
 13583 | D:12     | Noticed a skeletal warrior
 13594 | D:12     | Killed a skeletal warrior
 13687 | D:12     | Killed a skeletal warrior
 13688 | D:12     | Reached XP level 12. HP: 66/66 MP: 5/34
 14006 | D:12     | Reached skill level 10 in Conjurations
 14265 | D:12     | Noticed a two-headed ogre
 14272 | D:12     | Killed a two-headed ogre
 14590 | D:12     | Reached skill level 17 in Spellcasting
 14833 | D:13     | Found a gate to the Vaults.
 14833 | D:13     | Noticed an entropy weaver
 14836 | D:13     | Noticed a vault guard
 14843 | D:13     | Killed an entropy weaver
 14845 | D:13     | Killed a vault guard
 15054 | D:13     | Identified the +6 falchion "Usao" {spect, *Corrode rC+
                  | Int+6 Dex+3}
 15063 | D:13     | Killed a two-headed ogre
 15064 | D:13     | Reached skill level 5 in Fighting
 15165 | D:13     | Killed an eight-headed hydra
 15282 | D:13     | Noticed a centaur warrior
 15289 | D:13     | an entropy weaver changed into a black bear
 15296 | D:13     | Shot with an arrow by a centaur warrior

Illustrated notes

Levels and vault maps discovered:
D:1:      lordsloth_arrival_two_stooges, layout_basic, minmay_tromino_i4
D:2:      layout_basic, shapermc_ecumenical_altar_starsandcircs,
          minmay_pentomino_pile, uniq_crazy_yiuf_cottage, uniq_sigmund
D:3:      layout_basic, lemuel_blue_sif_altar, minmay_misc_feat_pillars,
          uniq_jessica
D:4:      minmay_wonky_spiral, layout_gridville, minmay_temple_entry_mini_moons
D:5:      layout_basic, mainiacjoe_overflow_surrounded_room, serial_shops, shop,
          shop
D:6:      layout_cave_pools, nicolae_hepliaklqana_monster_ancestors,
          tso_oasis_becter
D:7:      layout_loops_ring, mainiacjoe_overflow_catwalk,
          minmay_misc_feat_secret_circle, uniq_duvessa
D:8:      layout_basic, general_overflow_altar, makhleb_grotto_becter,
          grunt_temple_overflow_diamond, dpeg_lair_monsters,
          ebering_ghost_gozag, patterned_corridor
D:9:      lemuel_troll_bridge, layout_rooms, nicolae_ru_path_of_blood,
          serial_shops, nicolae_shop_advertising_works
          [nicolae_subvault_shop_adworks]
D:10:     layout_layer_cave, mainiacjoe_overflow_chevrons,
          mainiacjoe_overflow_alcove_2, david_orc_2
D:11:     nicolae_hitomezashi [nicolae_hito_row, nicolae_hito_row,
          nicolae_hito_row, nicolae_hito_row, nicolae_hito_row,
          nicolae_hito_row, nicolae_hito_row, nicolae_hito_row,
          nicolae_hito_row, nicolae_hito_row, nicolae_hito_row,
          nicolae_hito_row, nicolae_hito_row, nicolae_hito_row,
          nicolae_hito_row, nicolae_hito_row, nicolae_hito_row,
          nicolae_hito_row], layout_irregular_city
D:12:     layout_loops_cross
D:13:     layout_big_octagon, hellmonk_vaults_order_and_chaos
Temple:   hellmonk_temple_divided_pantheon

Skill      XL: |  1  2  3  4  5  6  7  8  9 10 11 12 |
---------------+-------------------------------------+-----
Spellcasting   | 5 6 7 8 10 12 14 16 17 | 17.5
Fighting       | 1 2 4 5 |  5.1
Armour         | 1 2 3 4 6 |  6.0
Conjurations   | 2 3 4 5 7 8 9 10 | 10.5
Stealth        | 3 |  3.0
Dodging        | 3 |  3.0
Air Magic      | 1 |  1.1
Poison Magic   | 1 |  1.0
Evocations     | 1 |  1.1
Transmutations | 1 |  1.3
Fire Magic     | 3 5 6 8 9 |  9.3
Shields        | 1 |  1.0
Summonings     | |  1.1
Translocations | |  1.1

Action                     |  1- 3 |  4- 6 |  7- 9 | 10-12 || total
---------------------------+-------+-------+-------+-------++-------
  Melee: Dagger            |    35 |     4 |   138 |   148 ||   325
         Quarterstaff      |       |    25 |    25 |       ||    50
         Punch             |       |       |       |     7 ||     7
         Shillelagh        |       |       |       |    10 ||    10
   Cast: Magic Dart        |    65 |   107 |   211 |    74 ||   457
         Mephitic Cloud    |     4 |     5 |    43 |    38 ||    90
         Call Imp          |     2 |       |     6 |       ||     8
         Blink             |       |       |     2 |     3 ||     5
         Irradiate         |       |       |       |    28 ||    28
         Starburst         |       |       |       |    63 ||    63
  Evoke: Wand              |       |       |       |     1 ||     1
   Stab: Distracted        |     1 |       |       |       ||     1
         Confused          |     1 |     2 |    10 |    12 ||    25
         Sleeping          |       |     4 |     3 |       ||     7
         Paralysed         |       |     2 |       |       ||     2
 Armour: Robe              |    31 |    12 |    99 |   123 ||   265
  Dodge: Dodged            |    36 |    19 |   127 |   115 ||   297

Table legend: (Time is in decaauts)
 A = Elapsed time spent in this place.
 B = Non-inter-level travel time spent in this place.
 C = Inter-level travel time spent in this place.
 D = Time resting spent in this place.
 E = Time spent auto-exploring this place.
 F = Levels seen in this place.
 G = Mean time per level.
                   A        B        C        D        E       F      G
               +--------+--------+--------+--------+--------+-----+--------+
         Total |  15324 |  14880 |    444 |   1101 |  11244 |  14 | 1094.6 |
       Dungeon |  15300 |  14867 |    433 |   1101 |  11244 |  13 | 1176.9 |
        Temple |     23 |     12 |     11 |      0 |      0 |   1 |   23.0 |
               +--------+--------+--------+--------+--------+-----+--------+

Top non-repeatable levels by time:
    D:10: 1621 daAuts
     D:7: 1593 daAuts
    D:12: 1523 daAuts
     D:8: 1354 daAuts
    D:11: 1254 daAuts
     D:1: 1232 daAuts
     D:9: 1228 daAuts
     D:4: 1151 daAuts
     D:5: 1073 daAuts
     D:3: 1068 daAuts
     D:2: 964 daAuts
     D:6: 846 daAuts
    D:13: 389 daAuts
  Temple: 23 daAuts
